[Event "*** Titled Tuesday Blitz"]
[Site "Chess.com"]
[Date "2020.11.24"]
[Round "10"]
[White "DoHoChess"]
[Black "SlavenPastar"]
[Result "1-0"]
[WhiteElo "2690"]
[BlackElo "2503"]
[TimeControl "180+1"]
[EndTime "12:13:02 PST"]
[Termination "DoHoChess won on time"]

1. Nf3 b6 2. e4 Bb7 3. Nc3 e6 4. d4 Bb4 5. Bd3 Nf6 6. e5 Ne4 7. O-O Nxc3 8. bxc3 Bxc3 9. Rb1 Nc6 10. Be3 Bb4 11. Ng5 g6 12. Qf3 Qe7 13. Rxb4 Nxb4 14.
Qxb7 O-O 15. Ne4 Rfc8 16. Bg5 Qf8 17. Nf6+ Kh8 18. Qf3 Nd5 19. Ng4 h5 20. Nh6 Kg7 21.
c4 Nb4 22. Qf6+ Kh7 23. Bb1 Qg7 24. Qf3 Nc6 25. Qxh5 Nxd4 26. Nxf7+ Kg8 27. Bxg6 Ne2+ 28. Kh1 Rf8 29. Nh6+ Kh8 30. Nf5+ Kg8 31. Nxg7 Ng3+ 32. hxg3 1-0

[Event "*** Titled Tuesday Blitz"]
[Site "Chess.com"]
[Date "2020.11.24"]
[Round "10"]
[White "Mikasinski"]
[Black "Chess_Boxer123"]
[Result "0-1"]
[WhiteElo "2326"]
[BlackElo "2516"]
[TimeControl "180+1"]
[EndTime "12:13:02 PST"]
[Termination "Chess_Boxer123 won on time"]

1. e4 h6 2. d4 g6 3. Nc3 Bg7 4. Be3 c6 5. Qd2 b5 6. Bd3 d6 7. a4 b4 8. Nce2 a5 9. Ng3 h5 10. h4 Ba6 11. c3 Bxd3 12. Qxd3 Na6 13. Nf3 Nf6 14. Ng5 e6 15. O-O O-O 16. Rad1 c5 17.
Rfe1 Ng4 18. Bf4 b3 19. Qc4 cxd4 20. Qxb3 Nc5 21. Qc4 d3 22. f3 Ne5 23. Qa2 Qe8 24.
b3 Rb8 25. Rb1 Qc6 26. Red1 Rfc8 27. Be3 Ncd7 28. c4 Nc5 29. Nh3 Na6 30. Nf2 Nb4 31. Qd2 d5 32. exd5 exd5 33. f4 Ng4 34. Nxg4 hxg4 35.
cxd5 Qxd5 36. Bf2 Rc2 37. Qe3 Qc6 38. Qa7 Re8 39. Qxa5 Bc3 40. Qb5 Qxb5 41. axb5 Rb8 42. Ne4 Rxb5 43. Nxc3 Rxc3 44. Be1 Rc2 45. Bxb4 Rxb4 46.
Rxd3 Rxf4 47. b4 Rff2 48. Rg3 f5 49. b5 Rb2 0-1

[Event "*** Titled Tuesday Blitz"]
[Site "Chess.com"]
[Date "2020.11.24"]
[Round "10"]
[White "Nemsko"]
[Black "chenxiaoyuer"]
[Result "0-1"]
[WhiteElo "2364"]
[BlackElo "2507"]
[TimeControl "180+1"]
[EndTime "12:13:03 PST"]
[Termination "chenxiaoyuer won by checkmate"]

1. e4 c5 2. Nf3 d6 3. d4 cxd4 4. Nxd4 Nf6 5. Nc3 Nc6 6. Bg5 e6 7. Qd2 Qb6 8. Nb3 Be7 9. O-O-O O-O 10. f4 Rd8 11. Bd3 h6 12. Bh4 Nxe4 13. Nxe4 Bxh4 14. g4 d5 15. Ng3 a5 16. a4 Qb4 17. Nh5 g6 18. Ng3 e5 19. Qxb4 axb4 20. fxe5 Nxe5 21. Bb5 Nxg4 22. Rd4 Bg5+ 23. Kb1 Be3 24. Rxb4 Be6 25. Be2 Nf2 26. Rf1 d4 27. Bf3 d3 28. cxd3 Rxd3 29. Bxb7 Rad8 30. Na5 Rd1+ 31. Rxd1 Rxd1+ 32. Kc2 Rc1# 0-1

[Event "*** Titled Tuesday Blitz"]
[Site "Chess.com"]
[Date "2020.11.24"]
[Round "10"]
[White "bratkoo"]
[Black "temus_galaktionov"]
[Result "1-0"]
[WhiteElo "2550"]
[BlackElo "2678"]
[TimeControl "180+1"]
[EndTime "12:13:04 PST"]
[Termination "bratkoo won by checkmate"]

1. e4 c6 2. d4 g6 3. Nc3 Bg7 4. f4 d6 5. Nf3 Nd7 6. Bd3 e5 7. fxe5 dxe5 8. d5 Ngf6 9. Bg5 h6 10. Bh4 O-O 11. O-O Qb6+ 12. Bf2 Qxb2 13. Qd2 Qa3 14. dxc6 bxc6 15. Rab1 Ng4 16. Bg3 Qc5+ 17. Kh1 Nb6 18. h3 Ne3 19. Rfe1 Nec4 20. Qe2 Be6 21.
Bf2 Qa5 22. Nd1 c5 23. Ne3 Nxe3 24. Qxe3 c4 25. Bf1 Rac8 26. a3 Rfd8 27. Bg3 Na4 28. Rb4 f6 29. Reb1 Bf8 30. Rb7 Rc7 31. Nh4 Bf7 32.
R1b5 Qc3 33. Qxc3 Nxc3 34. Rxc7 Nxb5 35. Rxf7 Rd1 36. Rxf6 Be7 37. Rf3 Nd4 38. Rf2 Bxh4 39.
Bxh4 c3 40. Kh2 Rd2 41. Bc4+ Kg7 42. Rf7+ Kh8 43. Bf6+ Kg8 44. Rg7+ Kh8 45. Rxa7# 1-0

[Event "*** Titled Tuesday Blitz"]
[Site "Chess.com"]
[Date "2020.11.24"]
[Round "10"]
[White "Isajevsky_Anton"]
[Black "Szparu"]
[Result "0-1"]
[WhiteElo "2568"]
[BlackElo "2521"]
[TimeControl "180+1"]
[EndTime "12:13:05 PST"]
[Termination "Szparu won on time"]

1. c4 Nf6 2. Nc3 e5 3. Nf3 Nc6 4. e3 Bb4 5. Nd5 e4 6. Ng1 O-O 7. a3 Bd6 8. Ne2 Ng4 9. Ng3 Qh4 10. Be2 Nxh2 11. Nf4 Bxf4 12. exf4 d6 13. b4 Re8 14. Bb2 Bd7 15. Qb3 Nd8 16. Qc3 f6 17.
O-O-O Ne6 18. Nf1 Nxf4 19. Rxh2 Nxe2+ 0-1

[Event "*** Titled Tuesday Blitz"]
[Site "Chess.com"]
[Date "2020.11.24"]
[Round "10"]
[White "gumimis"]
[Black "picturesquecheck"]
[Result "0-1"]
[WhiteElo "2280"]
[BlackElo "2133"]
[TimeControl "180+1"]
[EndTime "12:13:06 PST"]
[Termination "picturesquecheck won by resignation"]

1. e4 c5 2. Nf3 Nc6 3. d4 cxd4 4.
Nxd4 Nf6 5. Nc3 d6 6. Bg5 e6 7. f4 h6 8. Bxf6 Qxf6 9. Ndb5 Qd8 10. a4 a6 11. Na3 Be7 12. Be2 O-O 13. Nc4 b6 14. O-O Bb7 15. f5 Ne5 16. Nxe5 dxe5 17.
fxe6 fxe6 18. Bc4 Bc8 19. Rxf8+ Qxf8 20. Qg4 Bc5+ 21. Kh1 Qe7 22. Rf1 Bd7 23. Nd5 exd5 24. Bxd5+ Kh8 25. Qf3 Rf8 26. Qxf8+ Qxf8 27. Rxf8+ Bxf8 28.
Bb7 Bxa4 29. Bxa6 Bxc2 30. Bb7 Bc5 31. Bd5 Bd4 32. b3 g5 33. g4 Kg7 34. Kg2 Kf6 35.
h3 Ke7 36. Kf3 Kd6 37. Ke2 Kc5 38. Kd2 Bb1 39. Bc4 b5 40. Bd5 Kb4 41. Bc6 Bc3+ 42.
Ke3 Ba2 43. Kd3 Bxb3 44. Bxb5 Kxb5 45. Kxc3 Bd1 46. Kd2 Bf3 47. Ke3 Bg2 0-1

[Event "*** Titled Tuesday Blitz"]
[Site "Chess.com"]
[Date "2020.11.24"]
[Round "10"]
[White "TST2014"]
[Black "JoliyRoger"]
[Result "1-0"]
[WhiteElo "2520"]
[BlackElo "2371"]
[TimeControl "180+1"]
[EndTime "12:13:07 PST"]
[Termination "TST2014 won on time"]

1. d4 Nf6 2. c4 e6 3. Nf3 Bb4+ 4. Bd2 Qe7 5. g3 b6 6. Bg2 Bb7 7. O-O Bxd2 8. Qxd2 O-O 9. Nc3 d6 10. d5 e5 11. e4 a5 12. b3 Na6 13. a3 Bc8 14. b4 Bg4 15. Rab1 Bxf3 16. Bxf3 axb4 17.
axb4 Rfb8 18. Be2 Rb7 19. Ra1 Rbb8 20. Ra4 c5 21. dxc6 Nc7 22. Rfa1 g6 23. Rxa8 Rxa8 24. Rxa8+ Nxa8 25. Qa2 Qd8 26. Qa7 Kg7 27. Bd3 h5 28. Nb5 Ne8 29. h4 Kf8 30. Qd7 Qb8 31. c5 bxc5 32. Bc4 d5 33. Bxd5 Kg7 34. Qxf7+ Kh6 35. Qf8+ Kh7 36. Bg8+ Kh8 37. Bf7+ Kh7 38. Qg8+ 1-0

[Event "*** Titled Tuesday Blitz"]
[Site "Chess.com"]
[Date "2020.11.24"]
[Round "10"]
[White "1977Ivan"]
[Black "maxip32"]
[Result "1-0"]
[WhiteElo "2687"]
[BlackElo "2496"]
[TimeControl "180+1"]
[EndTime "12:13:08 PST"]
[Termination "1977Ivan won on time"]

1. d4 Nf6 2. Nf3 g6 3. g3 Bg7 4. c4 O-O 5. Bg2 d6 6. Nc3 Nbd7 7. Bf4 Nh5 8. Bg5 h6 9. Be3 e5 10. Qd2 Kh7 11. dxe5 dxe5 12. O-O-O f5 13. h3 c6 14. g4 Nhf6 15. gxf5 gxf5 16. Nxe5 Qe7 17. Nxd7 Bxd7 18.
Rhg1 Be6 19. Bd4 Bxc4 20. Bf3 Rg8 21. Qf4 Be6 22. e4 h5 23. Rxg7+ Rxg7 24. exf5 Bf7 25. Qh4 Ng8 26. f6 Qd8 27. Bxh5 1-0

[Event "*** Titled Tuesday Blitz"]
[Site "Chess.com"]
[Date "2020.11.24"]
[Round "10"]
[White "GukeshDommaraju"]
[Black "Gabrielian_Artur"]
[Result "1-0"]
[WhiteElo "2895"]
[BlackElo "2767"]
[TimeControl "180+1"]
[EndTime "12:13:10 PST"]
[Termination "GukeshDommaraju won by resignation"]

1. e4 e5 2. Nf3 Nc6 3. Bb5 g6 4. c3 Bg7 5. d4 exd4 6. cxd4 a6 7. Ba4 Nge7 8. O-O b5 9. Bb3 d6 10. h3 O-O 11. Nc3 Na5 12. Be3 Nxb3 13. Qxb3 Bb7 14.
d5 c6 15. dxc6 Nxc6 16. Rfd1 Rc8 17. Rac1 Na5 18. Qb4 Rc4 19. Qxd6 Qxd6 20. Rxd6 b4 21. Nd5 Rxe4 22. b3 Re6 23. Rxe6 fxe6 24. Nxb4 Rc8 25.
Rxc8+ Bxc8 26. Bb6 Nb7 27. Nxa6 e5 28. Nd2 Bf5 29.
Nc5 Nd6 30. a4 Bh6 31. Nc4 Nc8 32. Bc7 Bf8 33. b4 Bc2 34. a5 e4 35. Nb6 Na7 36.
Nbd7 Bg7 37. Bb6 Nb5 38. a6 Bd4 39. a7 Nxa7 40. Bxa7 e3 41. fxe3 Bxe3+ 42. Kh1 h5 43. b5 Bf5 44. b6 1-0

[Event "*** Titled Tuesday Blitz"]
[Site "Chess.com"]
[Date "2020.11.24"]
[Round "10"]
[White "sbouchet"]
[Black "Harry_Rakkel"]
[Result "1-0"]
[WhiteElo "2332"]
[BlackElo "2462"]
[TimeControl "180+1"]
[EndTime "12:13:11 PST"]
[Termination "sbouchet won on time"]

1. e4 g6 2. h4 h5 3. d4 Bg7 4.
Nc3 a6 5. a4 b6 6. Be3 Bb7 7.
f3 d6 8. Qd2 c5 9. d5 Nd7 10.
Nh3 Qc7 11. Ng5 Ne5 12. Be2 Nf6 13. O-O Bc8 14. Rfb1 O-O 15. b4 cxb4 16. Rxb4 Ned7 17. Rab1 Rb8 18. Kh1 Nc5 19. Bd4 Bd7 20. Bxc5 bxc5 21.
Rxb8 Rxb8 22. Rxb8+ Qxb8 23. Bxa6 Qb2 24. Bb5 Qa1+ 25.
Kh2 Ng4+ 26. fxg4 Bxc3 27. Qf2 Be5+ 28. g3 f6 29. Bxd7 hxg4 30. Be6+ Kg7 31. Nf7 Qxa4 32.
Nxe5 dxe5 33. Qxc5 Kh6 34. Qe3+ 1-0

[Event "*** Titled Tuesday Blitz"]
[Site "Chess.com"]
[Date "2020.11.24"]
[Round "10"]
[White "lacafi"]
[Black "BlixLT"]
[Result "1-0"]
[WhiteElo "2215"]
[BlackElo "2324"]
[TimeControl "180+1"]
[EndTime "12:13:11 PST"]
[Termination "lacafi won by resignation"]

1. d4 d5 2. Nf3 Nc6 3. e3 Bg4 4. c4 e5 5. dxe5 dxc4 6. Qxd8+ Rxd8 7. Bxc4 Nxe5 8. Be2 Nd3+ 9. Bxd3 Rxd3 10. Nc3 Bxf3 11.
gxf3 Nf6 12. Ke2 Rd7 13. e4 Bb4 14. Be3 a6 15. Rhg1 g6 16. Bg5 Be7 17. Rad1 h6 18.
Rxd7 Kxd7 19. Rd1+ Kc8 20. Bf4 Re8 21. Bxh6 Bd6 22. h3 Rh8 23. Bg7 1-0

[Event "*** Titled Tuesday Blitz"]
[Site "Chess.com"]
[Date "2020.11.24"]
[Round "10"]
[White "Jumbo"]
[Black "OK97"]
[Result "1-0"]
[WhiteElo "2853"]
[BlackElo "2782"]
[TimeControl "180+1"]
[EndTime "12:13:14 PST"]
[Termination "Jumbo won by resignation"]

1. d4 d6 2. Nf3 Nf6 3. Bf4 g6 4. e3 Bg7 5. Be2 O-O 6. O-O Nbd7 7. c4 b6 8. Nc3 Bb7 9. Qc2 Re8 10. e4 e5 11. dxe5 dxe5 12. Be3 Bf8 13. Rfd1 Qc8 14. Nd5 Ng4 15. Bg5 f6 16. Bh4 g5 17. Bg3 h5 18. h3 Nh6 19. Qd2 Nf7 20. b4 Rd8 21. a3 a5 22. Qc3 axb4 23. axb4 Rxa1 24. Rxa1 c6 25. Ne3 c5 26. b5 Bxe4 27. Nd2 Bg6 28.
Nd5 Nd6 29. Ra7 Kh8 30. Nxf6 Nxf6 31. Bxe5 Ne8 32. Bxf6+ 1-0

[Event "*** Titled Tuesday Blitz"]
[Site "Chess.com"]
[Date "2020.11.24"]
[Round "10"]
[White "AsaHoffmann"]
[Black "Nils_03"]
[Result "1/2-1/2"]
[WhiteElo "2386"]
[BlackElo "2259"]
[TimeControl "180+1"]
[EndTime "12:13:14 PST"]
[Termination "Game drawn by agreement"]

1. d4 d5 2. Bg5 h6 3. Bh4 c5 4. e3 Nc6 5. c3 cxd4 6. exd4 a6 7. Bd3 Nf6 8. Nf3 Bg4 9. Nbd2 e6 10. h3 Bh5 11. g4 Bg6 12. Bxg6 fxg6 13. Qc2 Kf7 14. g5 Nh5 15. gxh6 Be7 16. Bxe7 Qxe7 17.
hxg7 Kxg7 18. O-O-O Raf8 19. Rhg1 Nf4 20. Rde1 Qf6 21. Ng5 Rh5 22. Ndf3 Nxh3 23. Nxe6+ Kf7 24. Nxf8 Nxg1 25. Rxg1 Kxf8 26. Ne5 Nxe5 27. dxe5 Rxe5 28. Qxg6 Qf4+ 29. Kb1 Qf5+ 30. Qxf5+ Rxf5 31. Rg2 Ke7 32. Kc2 Kd6 33. Kd2 Kc5 34. Ke3 Re5+ 35. Kd3 Rf5 36.
Rh2 a5 37. b3 b5 38. a3 b4 39. cxb4+ axb4 40. a4 Rf3+ 41. Kc2 Rc3+ 42. Kb2 Rf3 43. a5 Kb5 44. Rh5 Rxf2+ 45. Kc1 Kxa5 46. Rxd5+ Kb6 47.
Re5 1/2-1/2

[Event "*** Titled Tuesday Blitz"]
[Site "Chess.com"]
[Date "2020.11.24"]
[Round "10"]
[White "anon569"]
[Black "dopolian"]
[Result "0-1"]
[WhiteElo "2298"]
[BlackElo "2422"]
[TimeControl "180+1"]
[EndTime "12:13:16 PST"]
[Termination "dopolian won on time"]

1. e4 Nf6 2. e5 Nd5 3. d4 d6 4. c4 Nb6 5. exd6 cxd6 6. Nf3 Nc6 7. h3 g6 8. Be2 Bg7 9. O-O O-O 10. Nc3 Bf5 11. Be3 d5 12. c5 Nc8 13. Qb3 e5 14.
dxe5 d4 15. Rfd1 d3 16. Qxb7 N8e7 17. Qa6 Nb4 18. Qc4 Nc2 19. Bxd3 Qa5 20. Bxc2 Bxc2 21.
Rd2 Bf5 22. b4 Qa3 23. Rd6 Nc8 24. Ra6 Qb2 25. Re1 Rd8 26. Nd5 Be6 27. Rd1 Rxd5 28. Rxd5 Ne7 0-1

[Event "*** Titled Tuesday Blitz"]
[Site "Chess.com"]
[Date "2020.11.24"]
[Round "10"]
[White "AryanTari"]
[Black "K_A_S_T_O_R"]
[Result "1-0"]
[WhiteElo "2916"]
[BlackElo "2837"]
[TimeControl "180+1"]
[EndTime "12:13:18 PST"]
[Termination "AryanTari won by resignation"]

1. e4 c5 2. Nf3 d6 3. Bc4 Nc6 4. h3 Nf6 5. Qe2 g6 6. c3 Bh6 7.
O-O O-O 8. a4 a6 9. d3 Bxc1 10.
Rxc1 e5 11. Nbd2 Rb8 12. Nf1 b5 13. axb5 axb5 14. Bb3 Kg7 15. Ne3 Be6 16. Bxe6 fxe6 17. Ra6 Qd7 18. Rca1 Rb7 19. g3 h6 20. Kg2 Nb8 21.
Ra8 Nc6 22. Rxf8 Kxf8 23. Qd1 Ra7 24. Nh2 Kg7 25. Rxa7 Qxa7 26. Neg4 Nxg4 27. Qxg4 Qf7 28. Qe2 b4 29. h4 Qb7 30. h5 g5 31. Ng4 bxc3 32. bxc3 Qf7 33. Ne3 Ne7 34. Qa2 Nc6 35.
Qa8 Qd7 36. Nc4 Ne7 37. Nb6 Qc6 38. Qd8 Kf7 39. Nc4 1-0

[Event "*** Titled Tuesday Blitz"]
[Site "Chess.com"]
[Date "2020.11.24"]
[Round "10"]
[White "Evgeny81"]
[Black "Lion-Al-Messi"]
[Result "1-0"]
[WhiteElo "2728"]
[BlackElo "2570"]
[TimeControl "180+1"]
[EndTime "12:13:18 PST"]
[Termination "Evgeny81 won on time"]

1. e4 b6 2. d4 Bb7 3. Bd3 e6 4. Nf3 c5 5. d5 exd5 6. exd5 Bxd5 7. O-O Nf6 8. Re1+ Be6 9. Nc3 Nc6 10. Bg5 Be7 11.
Nh4 O-O 12. Nf5 h6 13. Nxe7+ Qxe7 14. Nd5 Bxd5 15. Rxe7 hxg5 16. Re3 Be6 17. Qd2 d5 18. Rae1 Rae8 19. h3 c4 20. Bf1 Ne4 21. Rxe4 dxe4 22.
Rxe4 Rd8 23. Qxg5 Rd1 24. Qh5 Rfd8 25. Rh4 Kf8 26. Qh8+ Ke7 27. Qxg7 Re1 28. Qg5+ f6 29. Rh7+ Bf7 30. Qf4 Ne5 31. Rh6 Rd6 32. b3 Rdd1 33. Qxf6+ Kd7 34. Kh2 c3 35. Bb5+ 1-0

[Event "*** Titled Tuesday Blitz"]
[Site "Chess.com"]
[Date "2020.11.24"]
[Round "10"]
[White "FMJoseHerrera"]
[Black "kot60"]
[Result "1-0"]
[WhiteElo "2584"]
[BlackElo "2460"]
[TimeControl "180+1"]
[EndTime "12:13:18 PST"]
[Termination "FMJoseHerrera won by checkmate"]

1. Nf3 Nf6 2. g3 g6 3. Bg2 Bg7 4. d3 O-O 5. Nc3 c5 6. h4 h5 7. Bg5 d6 8. Qd2 Nc6 9. Bh6 Ng4 10. Bxg7 Kxg7 11. e4 e5 12. Ng5 f6 13. Nh3 Nd4 14.
f3 Nh6 15. Nf2 b5 16. Nd5 Be6 17. c3 Nc6 18. O-O-O a5 19. g4 a4 20. gxh5 gxh5 21.
Rhg1 Kh7 22. Bh3 Bxd5 23. exd5 Ne7 24. Be6 Ra7 25. Ne4 Nef5 26. Rg2 Nxh4 27. Rg3 Ng6 28.
Rxg6 Kxg6 29. Rh1 Rh8 30. Qg2+ Kh7 31. Rxh5 Rg7 32. Qh2 Kg6 33. Bf5+ Nxf5 34. Rxh8 Qe7 35. Qh5# 1-0

[Event "*** Titled Tuesday Blitz"]
[Site "Chess.com"]
[Date "2020.11.24"]
[Round "10"]
[White "Brave_spirit12"]
[Black "HackingKid98"]
[Result "1-0"]
[WhiteElo "2492"]
[BlackElo "2314"]
[TimeControl "180+1"]
[EndTime "12:13:24 PST"]
[Termination "Brave_spirit12 won by checkmate"]

1. e4 c6 2. Nc3 d5 3. Nf3 dxe4 4. Nxe4 Nf6 5. Nxf6+ exf6 6. Bc4 Bd6 7. Qe2+ Qe7 8.
Qxe7+ Bxe7 9. O-O O-O 10. d4 Nd7 11. Bf4 Nb6 12. Bb3 Nd5 13. Bxd5 cxd5 14. Rfe1 Be6 15.
c4 Rfd8 16. c5 a5 17. a3 a4 18. b4 axb3 19. Reb1 Bd7 20. Rxb3 Bc6 21. h4 Ra4 22. Re1 Bf8 23. g4 Rda8 24. Ree3 h6 25. h5 Rc4 26. Kg2 Rc2 27. Rec3 Ra2 28. Re3 Ra4 29. Rbc3 Kh7 30. Bd6 Bxd6 31. cxd6 Ra8 32. Nh4 Rd8 33. Nf5 Bd7 34. Re7 Bxf5 35. gxf5 Rxd6 36.
Rxf7 Rc6 37. Rg3 Rcc2 38. Rfxg7+ Kh8 39. Rg8+ Kh7 40. R3g7# 1-0

[Event "*** Titled Tuesday Blitz"]
[Site "Chess.com"]
[Date "2020.11.24"]
[Round "10"]
[White "ChessWarrior3"]
[Black "Sergienko_Sergey"]
[Result "0-1"]
[WhiteElo "2107"]
[BlackElo "2337"]
[TimeControl "180+1"]
[EndTime "12:13:24 PST"]
[Termination "Sergienko_Sergey won by resignation"]

1. e4 c5 2. Nf3 a6 3. c4 e6 4. Nc3 d6 5. d4 cxd4 6. Nxd4 Nf6 7. Be3 Be7 8. Be2 b6 9. Bf3 Ra7 10. O-O O-O 11. Be2 Qc7 12. f4 Bb7 13.
Ncb5 axb5 14. Nxb5 Qd8 15. Nxa7 Bxe4 16. Nb5 d5 17.
Nc3 Bf5 18. cxd5 exd5 19. Bd4 Nc6 20. Bxf6 Bxf6 21. Qxd5 Nd4 22. Rad1 Qxd5 23. Nxd5 Nxe2+ 24. Kh1 Re8 25. Nxf6+ gxf6 26. h3 Ng3+ 27. Kg1 Nxf1 28.
Kxf1 Be6 29. b3 Rc8 30. Rd6 Rc2 31. Rxb6 Rxa2 32. g4 Rb2 33. b4 f5 34. g5 Kg7 35.
h4 Kg6 36. b5 Rxb5 37. Rxb5 Bc4+ 38. Kf2 Bxb5 39. Kg3 Kh5 40. Kh3 Be2 41. Kg3 Bg4 42.
Kg2 Kxh4 43. Kf2 0-1

[Event "*** Titled Tuesday Blitz"]
[Site "Chess.com"]
[Date "2020.11.24"]
[Round "10"]
[White "FMOlexandrProhorov"]
[Black "Chessbard1972"]
[Result "0-1"]
[WhiteElo "2185"]
[BlackElo "2317"]
[TimeControl "180+1"]
[EndTime "12:13:24 PST"]
[Termination "Chessbard1972 won on time"]

1. e4 c5 2. c3 d5 3. exd5 Qxd5 4. d4 Nf6 5. Nf3 Bg4 6. Be2 e6 7. Na3 Nc6 8. Nb5 Qd8 9. dxc5 Bxc5 10. Bf4 Nd5 11. Bg3 a6 12. Nbd4 Nxd4 13. Nxd4 Bxe2 14. Nxe2 O-O 15. O-O Qe7 16. Qa4 Rfd8 17. Nf4 Nxf4 18. Qxf4 Bd6 19. Qe4 Bxg3 20. hxg3 Rd5 21. c4 Rd2 22. b3 Rad8 23. Qf3 Qd7 24. Rfe1 h6 25. Rac1 Rxa2 26. c5 Qd5 27. Qc3 Qd2 28. Qf3 Qd5 29. Qc3 Rd2 30. b4 Rd3 31. Qc2 Qd4 32. c6 Rd2 0-1

[Event "*** Titled Tuesday Blitz"]
[Site "Chess.com"]
[Date "2020.11.24"]
[Round "10"]
[White "geordie_derraugh"]
[Black "keepitcool9499"]
[Result "0-1"]
[WhiteElo "2488"]
[BlackElo "2638"]
[TimeControl "180+1"]
[EndTime "12:13:25 PST"]
[Termination "keepitcool9499 won by resignation"]

1. e4 e6 2. d4 d5 3. Nd2 c5 4.
Ngf3 Nc6 5. exd5 Qxd5 6. Bc4 Qd8 7. dxc5 Bxc5 8. O-O Nf6 9. c3 O-O 10. Qe2 Be7 11. Rd1 Qc7 12. Ne4 Bd7 13. Bg5 Rfd8 14.
Nxf6+ Bxf6 15. Bxf6 gxf6 16. Bb3 Ne7 17. Qe4 Bc6 18.
Qg4+ Kh8 19. Qh4 Kg7 20. Nd4 Ng6 21. Qh3 Bd5 22. Bc2 f5 23. Rd3 Be4 24. Rg3 Rxd4 25. cxd4 Qxc2 26. f3 Bd5 27. Re1 Qxb2 28. Qh4 Rc8 29.
h3 Rc1 30. Rxc1 Qxc1+ 31. Kh2 Qe3 32. Qh5 Qh6 33. Qxh6+ Kxh6 34. h4 Nxh4 35. Rh3 Kg5 36. f4+ Kg4 37. g3 Nf3+ 38. Kg2 Ng5+ 0-1

[Event "*** Titled Tuesday Blitz"]
[Site "Chess.com"]
[Date "2020.11.24"]
[Round "10"]
[White "malakismayil"]
[Black "andrzej"]
[Result "1/2-1/2"]
[WhiteElo "2277"]
[BlackElo "2389"]
[TimeControl "180+1"]
[EndTime "12:13:26 PST"]
[Termination "Game drawn by repetition"]

1. e4 c5 2. Nf3 e6 3. d4 cxd4 4. Nxd4 Nf6 5. Bd3 Nc6 6. Nxc6 bxc6 7. O-O Be7 8. e5 Nd5 9. c4 Nc7 10. Nc3 d5 11. exd6 Bxd6 12. Be3 O-O 13. Qe2 Qe7 14. Rad1 Ne8 15. f4 Nf6 16. Ne4 Nxe4 17. Bxe4 Bb7 18.
Qd3 Bc5 19. Bxh7+ Kh8 20. Be4 Rad8 21. Qe2 Bxe3+ 22. Qxe3 g6 23. Qc3+ Kg8 24. b3 c5 25.
Qf3 Bxe4 26. Qxe4 Rxd1 27. Rxd1 Rd8 28. Rxd8+ Qxd8 29. h3 Qa5 30. Qe2 Qc3 31. Qf2 Kg7 32. Qxc5 Qc1+ 33. Kh2 Qxf4+ 34. Kh1 a5 35. Qg1 g5 36. c5 g4 37. hxg4 Qh6+ 38. Qh2 Qc1+ 39. Qg1 Qh6+ 40. Qh2 Qc1+ 41. Qg1 Qh6+ 1/2-1/2

[Event "*** Titled Tuesday Blitz"]
[Site "Chess.com"]
[Date "2020.11.24"]
[Round "10"]
[White "TigrVShlyape"]
[Black "Jospem"]
[Result "1/2-1/2"]
[WhiteElo "2849"]
[BlackElo "3060"]
[TimeControl "180+1"]
[EndTime "12:13:27 PST"]
[Termination "Game drawn by agreement"]

1. d4 Nf6 2. Nf3 e6 3. Bf4 b6 4. e3 Bb7 5. a4 a6 6. Nbd2 Be7 7. h3 O-O 8. Bd3 c5 9. O-O d6 10. Bh2 Nbd7 11. c3 cxd4 12. cxd4 Nd5 13. Qb3 a5 14. Rac1 Nb4 15. Bb5 Nf6 16. Rfe1 Rc8 17. Nb1 Bd5 18. Qd1 Rxc1 19. Qxc1 Bxf3 20. gxf3 g6 21. Nc3 d5 22. Qd2 Bd6 23. Be5 Nh5 24. Bxd6 Qxd6 25. Ne2 Qe7 26. Kg2 Ng7 27. Ng3 h5 28. Rc1 h4 29. Ne2 Qg5+ 30. Kh2 Qf6 31. Kg2 Qg5+ 32. Kh2 Qf6 33. Kg2 Nh5 34. Rc7 Qg5+ 35. Kf1 Qf5 36. Kg2 Qg5+ 37.
Kf1 Qf6 38. Kg2 1/2-1/2

[Event "*** Titled Tuesday Blitz"]
[Site "Chess.com"]
[Date "2020.11.24"]
[Round "10"]
[White "Jungle_Jaguar"]
[Black "guillembaches"]
[Result "1-0"]
[WhiteElo "2616"]
[BlackElo "2409"]
[TimeControl "180+1"]
[EndTime "12:13:31 PST"]
[Termination "Jungle_Jaguar won on time"]

1. e4 c5 2. Nf3 d6 3. d4 cxd4 4. Nxd4 Nf6 5. Nc3 Nc6 6. Bg5 e6 7. Bb5 Bd7 8. Qd3 h6 9. Bh4 Be7 10. O-O-O O-O 11. f4 a6 12. Bxc6 bxc6 13. e5 Nd5 14. Bxe7 Qxe7 15. Qg3 Nxc3 16. Qxc3 d5 17. Nb3 Rfb8 18. Qc5 Kf8 19. Rhf1 g6 20. g4 Rb5 21. Qc3 Qb4 22. Qh3 Kg7 23. f5 exf5 24. gxf5 Bxf5 25. Rxf5 gxf5 26. Rg1+ Kf8 27. Qxh6+ Ke8 28. Qxc6+ Ke7 29. Qxa8 1-0

[Event "*** Titled Tuesday Blitz"]
[Site "Chess.com"]
[Date "2020.11.24"]
[Round "10"]
[White "shnitez"]
[Black "LPSupi"]
[Result "0-1"]
[WhiteElo "2510"]
[BlackElo "2894"]
[TimeControl "180+1"]
[EndTime "12:13:31 PST"]
[Termination "LPSupi won by resignation"]

1. c4 g6 2. Nc3 Bg7 3. d4 Nf6 4. e4 d6 5. Nf3 O-O 6. Be2 e5 7.
O-O Nc6 8. d5 Ne7 9. Bg5 h6 10.
Bxf6 Bxf6 11. b4 Bg7 12. c5 a6 13. a4 f5 14. Nd2 fxe4 15. Ndxe4 Nf5 16. Bg4 h5 17.
Bh3 Bh6 18. a5 Bd7 19. Qd3 Kg7 20. Qd1 Qe7 21. cxd6 cxd6 22. Na4 Bb5 23. Nb6 Ne3 24. fxe3 Rxf1+ 25. Qxf1 Bxe3+ 26. Kh1 Bxf1 27. Nxa8 Bd3 28. Ng3 h4 29. Nf1 Bd4 30. Rd1 Qf6 31. Nd2 e4 32. Nb6 e3 33. Nf3 e2 34. Rxd3 e1=Q+ 0-1

[Event "*** Titled Tuesday Blitz"]
[Site "Chess.com"]
[Date "2020.11.24"]
[Round "10"]
[White "rududuyk"]
[Black "profofchess"]
[Result "0-1"]
[WhiteElo "2192"]
[BlackElo "2393"]
[TimeControl "180+1"]
[EndTime "12:13:32 PST"]
[Termination "profofchess won on time"]

1. e4 e6 2. d4 d5 3. Nd2 Nf6 4. e5 Nfd7 5. Bd3 c5 6. c3 Nc6 7. Ne2 cxd4 8. cxd4 f6 9. exf6 Nxf6 10. O-O Bd6 11.
Nf3 Qc7 12. Bg5 O-O 13. Rc1 h6 14. Bh4 Nh5 15. Bg6 Rxf3 16. gxf3 Bxh2+ 17. Kg2 Nf4+ 18. Nxf4 Bxf4 19. Rc2 Bd7 20. Bg3 Rf8 21. a3 Qd8 22. Qd3 Qf6 23. Bh7+ Kh8 24. Rd1 e5 25. Qg6 Nxd4 26.
Rc7 Ba4 27. Rxd4 Bxg3 28. Qxg3 exd4 29. Bd3 Be8 30. Rxb7 Bh5 31. Kh2 Bxf3 32. Rxa7 h5 33. Rd7 h4 0-1

[Event "*** Titled Tuesday Blitz"]
[Site "Chess.com"]
[Date "2020.11.24"]
[Round "10"]
[White "skoularikii"]
[Black "kai_nov"]
[Result "1-0"]
[WhiteElo "2477"]
[BlackElo "2338"]
[TimeControl "180+1"]
[EndTime "12:13:34 PST"]
[Termination "skoularikii won on time"]

1. e4 c5 2. Nf3 Nc6 3. Bb5 e6 4.
O-O Nge7 5. b3 a6 6. Bxc6 Nxc6 7. Bb2 b5 8. a4 b4 9. d3 f6 10. Nbd2 Be7 11. Nc4 d5 12. Ne3 d4 13. Nc4 e5 14.
Nh4 O-O 15. Nf5 g6 16. Nh6+ Kg7 17. Bc1 a5 18. Qf3 Be6 19. h4 Rb8 20. h5 Qd7 21.
Bd2 f5 22. exf5 gxf5 23. Nxe5 Nxe5 24. Qg3+ Ng4 25. Nxg4 fxg4 26. Rae1 Bd6 27. Qh4 h6 28. Re4 Bf5 29. Re2 Rbe8 30. Rfe1 Rxe2 31. Rxe2 Re8 32. Bxh6+ Kh7 33. Rxe8 Qxe8 34. Kf1 Qe7 35. Bg5 Qe5 36. g3 c4 37. Bf4 Qd5 38. bxc4 1-0

[Event "*** Titled Tuesday Blitz"]
[Site "Chess.com"]
[Date "2020.11.24"]
[Round "10"]
[White "nitpicker"]
[Black "Chessalary"]
[Result "0-1"]
[WhiteElo "2299"]
[BlackElo "2426"]
[TimeControl "180+1"]
[EndTime "12:13:34 PST"]
[Termination "Chessalary won on time"]

1. d4 d5 2. c4 e6 3. Nf3 c6 4. Qc2 Nf6 5. g3 Be7 6. Bg2 O-O 7. O-O Nbd7 8. Rd1 Re8 9. Nc3 b6 10. b3 Bb7 11. e4 dxe4 12. Ng5 h6 13. Ngxe4 Nxe4 14.
Nxe4 Nf6 15. c5 Nd5 16. a3 Qc7 17. b4 a5 18. Bd2 axb4 19. axb4 Red8 20. f4 bxc5 21.
bxc5 Nf6 22. Bc3 Nxe4 23. Qxe4 Bf6 24. h4 Qd7 25. Rxa8 Rxa8 26. Qb1 Ra4 27. Qb2 Ba6 28. Be4 Bb5 29. Bc2 Ra8 30. h5 Qd5 31. Re1 Qxh5 32. Kg2 Bc4 33. Be4 Bd5 34. Bxd5 Qxd5+ 35. Kf2 Ra2 0-1